 Dungeon Crawl Stone Soup version 0.18.1-8-gdd0e5ea (webtiles) character file.

30 jacquesderrida the Poker (level 3, -5/27 HPs)
             Began as a Demonspawn Skald on May 22, 2016.
             Killed by nerve-wracking pain
             ... invoked by Jessica
              (14 damage)
             ... on level 2 of the Dungeon.
             The game lasted 00:01:28 (577 turns).

jacquesderrida the Poker (Demonspawn Skald)          Turns: 577, Time: 00:01:28

Health: -5/27      AC:  3    Str: 12    XL:     3   Next: 3%
Magic:  4/6        EV: 11    Int: 13    God:
Gold:   97         SH:  0    Dex: 13    Spells: 2 memorised, 2 levels left

rFire  . . .     SeeInvis .     a - +0 spear
rCold  . . .     Gourm    .     b - +0 leather armour
rNeg   . . .     Faith    .     (no shield)
rPois  .         Spirit   .     (no helmet)
rElec  .         Dismiss  .     (no cloak)
rCorr  .         Reflect  .     (no gloves)
SustAt .         Harm     .     (no boots)
MR     .....                    (no amulet)
Stlth  +.........               (no ring)
                                (no ring)

@: infused, not resistant to hostile enchantments, very unstealthy
A: talons 1, powered by death 1
a: no special abilities


You were on level 2 of the Dungeon.
You were not hungry.

You visited 1 branch of the dungeon, and saw 2 of its levels.

You collected 97 gold pieces.

Inventory:

Hand Weapons
 a - a +0 spear (weapon)
Armour
 b - a +0 leather armour (worn)
Scrolls
 e - a scroll of noise {unknown}
 g - a scroll of magic mapping {unknown}
 h - a scroll of enchant armour {unknown}
 k - a scroll of remove curse {unknown}
 m - a scroll of teleportation {unknown}
Potions
 j - a potion of heal wounds {unknown}
 n - a potion of might {unknown}
Books
 c - a book of Battle

   Spells                             Type                      Level
   a - Infusion                       Charms                       1
   b - Shroud of Golubria             Charms/Translocation         2
   c - Song of Slaying                Charms                       2
   d - Spectral Weapon                Hexes/Charms                 3
   e - Regeneration                   Charms/Necromancy            3
Comestibles
 d - a bread ration
 f - a meat ration
 i - 2 beef jerkies
 l - 2 fruits
 o - a chunk of flesh


   Skills:
 - Level 2.2 Fighting
 + Level 2.8 Polearms
 - Level 1.0 Armour
 - Level 0.8 Dodging
 - Level 2.2 Spellcasting
 + Level 0.0 Hexes
 - Level 2.7 Charms


You had 2 spell levels left.
You knew the following spells:

 Your Spells              Type           Power        Failure   Level  Hunger
a - Infusion              Chrm           #...         12%         1    ##.....
b - Spectral Weapon       Hex/Chrm       #.......     67%         3    ####...


Dungeon Overview and Level Annotations

Branches:
Dungeon (2/15)

Altars:

Annotations:
D:2 Jessica


Innate Abilities, Weirdness & Mutations

You have sharp toenails.
You regenerate a little health from kills.


Message History

Casting: Infusion
Confirm with . or Enter, or press ? or * to list all spells.
You begin infusing your attacks with magical energy.
Attack whom?
Press: ? - help, Dir - move target cursor, f - Jessica
Aim: Jessica, wearing a robe You reach to attack!
You hit Jessica.
Jessica is moderately wounded.
You barely miss Jessica. You claw Jessica.
Jessica is heavily wounded.
Jessica hits you.
You barely miss Jessica.
Jessica is heavily wounded.
Jessica hits you.
You barely miss Jessica. You claw Jessica, but do no damage.
Jessica is heavily wounded.
Jessica gestures at you while chanting. Pain shoots through your body!
Ouch! That really hurt!
You die...

#...........# #
#...........#
#.#...........#######
#.#...........#.....#
###.......).#+#.#.###.##
........##.(....#.###.#.
###.....>...............
#.##................## #
#.@####.......####. #.@#
#............ #.?.
.......#...##.
#..................
.........##.#....#.
........#. #.#......
........# #..#.
........!# #.#. #.


You could see Jessica.

Vanquished Creatures
  An adder (D:2)
  2 oozes (D:1)
  A dart slug (D:1)
  A goblin (D:1)
  3 hobgoblins (D:1)
  A kobold (D:1)
  3 rats
12 creatures vanquished.

Notes
Turn   | Place    | Note
--------------------------------------------------------------
     0 | D:1      | jacquesderrida the Demonspawn Skald began the quest for the Orb.
     0 | D:1      | Reached XP level 1. HP: 16/16 MP: 3/3
   160 | D:1      | Reached skill level 1 in Armour
   160 | D:1      | Gained mutation: You regenerate a little health from kills. [demonic ancestry]
   160 | D:1      | Reached XP level 2. HP: 8/22 MP: 5/5
   515 | D:2      | Gained mutation: You have sharp toenails. [demonic ancestry]
   515 | D:2      | Reached XP level 3. HP: 12/27 MP: 0/6
   526 | D:2      | Noticed Jessica
   566 | D:2      | Learned a level 3 spell: Spectral Weapon
   577 | D:2      | Killed from afar by Jessica

Skill      XL: |  1 |
---------------+----+-----
Polearms       | 2 |  2.8
Armour         | 1 |  1.0
Fighting       | |  2.2
Dodging        | |  0.8
Spellcasting   | |  2.2
Charms         | |  2.7

Action                   || total
-------------------------++-------
Melee: Spear             ||    50
       Kick              ||     2
 Cast: Infusion          ||     2
Armor: Leather armour    ||     9
Dodge: Dodged            ||    21
